 Dungeon Crawl Stone Soup version 0.27-a0-1158-gaa87e14f67 (webtiles) character file.

Game seed: 5452797897040016006

32 Barazal the Digger (level 3, -1/19 HPs)
             Began as a Gargoyle Earth Elementalist on May 15, 2021.
             Killed from afar by Sigmund (9 damage)
             ... with a magic dart
             ... on level 2 of the Dungeon.
             The game lasted 00:02:37 (1877 turns).

Barazal the Digger (Gargoyle Earth Elementalist)    Turns: 1877, Time: 00:02:38

Health: -1/19      AC:  8    Str: 11    XL:     3   Next: 27%
Magic:  1/7        EV: 11    Int: 16    God:
Gold:   26         SH:  0    Dex: 10    Spells: 3/7 levels left

rFire    . . .     SeeInvis .   e - +0 dagger
rCold    + . .     Faith    .   (no shield)
rNeg     + . .     Spirit   .   f - +2 robe {rC+}
rPois    ∞         Reflect  .   d - +0 helmet
rElec    +         Harm     .   (no cloak)
rCorr    .         Rampage  .   (no gloves)
Will     .....                  (no boots)
Stlth    ++........             (no amulet)
HPRegen  0.06/turn              (no ring)
MPRegen  0.10/turn              (no ring)

@: mighty
A: sickness immunity, AC +3, negative energy resistance 1, electricity
resistance, torment resistance 1, petrification resistance
a: no special abilities


You were on level 2 of the Dungeon.
You visited 1 branch of the dungeon, and saw 2 of its levels.

You collected 26 gold pieces.

Inventory:

Hand Weapons
 e - a +0 dagger (weapon)
Missiles
 b - 12 stones
Armour
 d - a +0 helmet (worn)
 f - a +2 robe of cold resistance (worn)
Magical Staves
 a - a staff of earth


   Skills:
 - Level 1.5 Dodging
 - Level 2.1 Stealth
 + Level 2.7 Spellcasting
 + Level 0.0 Conjurations
 - Level 0.7 Transmutations
 + Level 4.4 Earth Magic


You had 3 spell levels left.
You knew the following spells:

 Your Spells              Type           Power      Damage    Failure   Level
a - Sandblast             Erth           32%        2d9       3%          1
b - Stone Arrow           Conj/Erth      18%        3d8       22%         3

Your spell library contained the following spells:

 Spells                   Type           Power      Damage    Failure   Level
 Passwall                 Tmut/Erth      8%         N/A       10%         2
 Petrify                  Tmut/Erth      10%        N/A       54%         4
 Lee's Rapid Deconstruct  Erth           8%         3d8*      65%         5


Dungeon Overview and Level Annotations

Branches:
Dungeon (2/15)

Altars:

Annotations:
D:2 Jessica, Sigmund


Innate Abilities, Weirdness & Mutations

You are immune to sickness and miasma.
Your stone body is resilient. (AC +3)
You are immune to poison.
You resist negative energy. (rN+)
You are resistant to electric shocks. (rElec)
You are resistant to unholy torment.
You are immune to petrification.


Message History

Aiming: Stone Arrow (potentially lethal; 22% risk of failure)
Press: ? - help, Shift-Dir - straight line, f/p - Sigmund
Aim: Sigmund, wielding a +4 scythe of distortion and wearing a +0 robe (moderately wounded, 60% to hit)
You miscast Stone Arrow.
You are very lightly contaminated with residual magic.
Nothing appears to happen.
Sigmund hits you from afar with a +4 scythe of distortion.
You blink.
You can't go up here!
Casting: Stone Arrow (potentially lethal; 22% risk of failure)
Confirm with . or Enter, or press ? or * to list all spells.
Aiming: Sandblast (safe; 3% risk of failure)
Press: ? - help, Shift-Dir - straight line, f/p - Sigmund
Aim: Sigmund, wielding a +4 scythe of distortion and wearing a +0 robe (moderately wounded, 77% to hit)
The blast of sand hits Sigmund!
Sigmund is severely wounded.
Unknown command.
It was a potion of might.
You feel very mighty all of a sudden.
Sigmund hits you from afar with a +4 scythe of distortion.
Space bends around you.
Sigmund hits you with a +4 scythe of distortion.
You blink.
You aren't carrying any potions.
Unknown command.
Unknown command.
You aren't carrying any scrolls.
Unknown command.
Unknown command.
You aren't carrying any potions.
Unknown command.
Unknown command.
The endoplasm jiggles.
You aren't carrying any items that you can evoke.
Unknown command.
Unknown command.
Your magical contamination has completely faded away.
Sigmund gestures at you while chanting. The magic dart hits you!
You die...

############
##..........##
#....@.......##
#..............#
#............(.########
#......g.J.....#......#
#..........@...#......#
#..............#......#
##....................#
##..........###......#
#######..).###......#


You could see Sigmund, an endoplasm and a goblin.

Vanquished Creatures
  A gnoll (D:2)
  A bat (D:1)
  2 endoplasms
  3 giant cockroaches
  A goblin (D:1)
  2 hobgoblins (D:1)
  2 kobolds
  4 ball pythons (D:1)
  2 frilled lizards (D:1)
  5 rats
23 creatures vanquished.

Notes
Turn   | Place    | Note
-------+----------+-------------------------------------------
     0 | D:1      | Barazal the Gargoyle Earth Elementalist began the quest for
                  | the Orb.
     0 | D:1      | Reached XP level 1. HP: 10/10 MP: 3/3
   416 | D:1      | Reached skill level 4 in Earth Magic
   416 | D:1      | Reached XP level 2. HP: 15/15 MP: 5/5
  1686 | D:2      | Found a faded altar of an unknown god.
  1724 | D:2      | Reached XP level 3. HP: 19/19 MP: 2/7
  1732 | D:1      | Learned a level 3 spell: Stone Arrow
  1857 | D:2      | Noticed Jessica
  1857 | D:2      | Noticed Sigmund
  1877 | D:2      | Killed from afar by Sigmund

Illustrated notes

Levels and vault maps discovered:
D:1:      nzn_arrival_depleted_hourglass, layout_basic
D:2:      layout_rooms, basic_ecumenical_altar, serial_bayou_pond_c,
          corexii_corridor_pit, kennysheep_cross_room, uniq_jessica,
          uniq_sigmund

Skill      XL: |  1 |
---------------+----+-----
Earth Magic    | 4 |  4.4
Dodging        | |  1.5
Stealth        | |  2.1
Spellcasting   | |  2.7
Transmutations | |  0.7

Action                   || total
-------------------------++-------
Melee: Staff             ||    25
       Unarmed           ||     5
       Dagger            ||    45
 Cast: Sandblast         ||    18
       Stone Arrow       ||     1
  Use: Potion            ||     1
 Stab: Sleeping          ||     3
Armor: Robe              ||    28
Dodge: Dodged            ||    40

Table legend: (Time is in decaauts)
 A = Elapsed time spent in this place.
 B = Non-inter-level travel time spent in this place.
 C = Inter-level travel time spent in this place.
 D = Time resting spent in this place.
 E = Time spent auto-exploring this place.
 F = Levels seen in this place.
 G = Mean time per level.
                   A        B        C        D        E       F      G
               +--------+--------+--------+--------+--------+-----+--------+
         Total |   1881 |   1793 |     88 |    108 |   1452 |   2 |  940.5 |
       Dungeon |   1881 |   1793 |     88 |    108 |   1452 |   2 |  940.5 |
               +--------+--------+--------+--------+--------+-----+--------+

Top non-repeatable levels by time:
     D:1: 1776 daAuts
     D:2: 105 daAuts
